 Dungeon Crawl Stone Soup version 0.31-a0-217-g58bb5d79cf (webtiles) character file.

Game seed: 8292504090234676686

877 Zonian the Magician (level 7, -3/36 HPs)
             Began as a Deep Elf Air Elementalist on July 2, 2023.
             Killed from afar by an orc wizard (10 damage)
             ... with a magic dart
             ... on level 5 of the Dungeon.
             The game lasted 00:12:01 (6390 turns).

Zonian the Magician (Deep Elf Air Elementalist)     Turns: 6390, Time: 00:12:01

Health: -3/36      AC:  3    Str:  5      XL:     7   Next: 75%
Magic:  0/19       EV: 12    Int: 22      God:
Gold:   124        SH:  0    Dex: 14 (15) Spells: 10/20 levels left

rFire   . . .        d - +0 dagger
rCold   . . .        (no shield)
rNeg    . . .        a - +0 robe
rPois   .            (no helmet)
rElec   .            i - scarf {+Inv}
rCorr   .            n - +0 pair of gloves
SInv    .            (no boots)
Will    .....        l - amulet of guardian spirit
Stlth   ++           (no ring)
HPRegen 0.26/turn    (no ring)
MPRegen 0.16/turn

%: guardian spirit
@: no status effects
A: no striking features
a: Evoke Invisibility


You were on level 5 of the Dungeon.
You visited 1 branch of the dungeon, and saw 5 of its levels.

You collected 229 gold pieces.
You spent 105 gold pieces at shops.

Inventory:

Hand Weapons
 d - a +0 dagger (weapon)
 p - a +0 rapier
Missiles
 s - a throwing net
 t - 6 poisoned darts
Armour
 a - a +0 robe (worn)
 i - a scarf of invisibility (worn)
 m - a +2 hat of stealth
 n - a +0 pair of gloves (worn)
Jewellery
 l - an amulet of guardian spirit (around neck)
Wands
 h - a wand of flame (9)
 q - a wand of paralysis (6)
Scrolls
 c - a scroll of enchant weapon {unknown}
 j - 2 scrolls of identify {unknown}
 k - a scroll of blinking
 r - 2 scrolls of teleportation
Potions
 e - a potion of mutation {unknown}
 f - a potion of curing
 g - a potion of heal wounds {unknown}
 o - a potion of enlightenment {unknown}


   Skills:
 - Level 2.6 Dodging
 - Level 2.6 Stealth
 + Level 7.3 Spellcasting
 + Level 5.4 Conjurations
 + Level 5.8 Air Magic


You had 10 spell levels left.
You knew the following spells:

 Your Spells              Type           Power      Damage    Failure   Level
a - Shock                 Conj/Air       100%       1d9       1%          1
b - Static Discharge      Conj/Air       64%        2-5/arc   1%          2
c - Swiftness             Air            33%        N/A       2%          3
d - Airstrike             Air            16%        2d(3-19)  8%          4

Your spell library contained the following spells:

 Spells                   Type           Power      Damage    Failure   Level
 Inner Flame              Hex/Fire       8%         N/A       24%         3
 Yara's Violent Unravell  Hex/Tmut       4%         3d4       92%         5
 Enfeeble                 Hex            4%         N/A       100%        7


Dungeon Overview and Level Annotations

Branches:
Dungeon (5/15)
 Temple: D:4-7

Altars:

Shops:
D:2 ?

Annotations:
D:3 Grinder


Message History

Okay, then.
Aiming: Quicksilver Bolt
Press: ? - help, Shift-Dir - straight line, f - orc priest
Aim: an orc priest, wielding a +0 trident (71% to hit)
The bolt of dispelling energy hits the orc priest!!
You kill the orc priest!
The orc wizard gestures at you while chanting.
You are confused.
It was a potion of curing.
You feel better.
Aiming: Quicksilver Bolt
Press: ? - help, Shift-Dir - straight line, f - orc wizard
Aim: an orc wizard, wielding a +0 dagger and wearing a +0 robe (64% to hit)
The bolt of dispelling energy misses the orc wizard.
The bolt of dispelling energy hits the orc!!
You kill the orc!
Unknown command.
Aiming: Quicksilver Bolt
Press: ? - help, Shift-Dir - straight line, f - orc priest, p - orc wizard
Aim: an orc priest, wielding a +0 hand axe and wearing a +0 scale mail (75% to hit)
The bolt of dispelling energy hits the orc priest!
The orc priest is almost dead.
The now-empty wand crumbles to dust.
Casting: Static Discharge (safe; 1% risk of failure)
Confirm with . or Enter, or press ? or * to list all spells.
The orc wizard is struck by an arc of lightning.
The orc wizard is lightly wounded.
The orc priest is struck by an arc of lightning.
You kill the orc priest!
The orc wizard is struck by an arc of lightning.
The orc wizard is heavily wounded.
You are struck by an arc of lightning.
* * * LOW HITPOINT WARNING * * *
The orc wizard is struck by an arc of lightning.
The orc wizard is almost dead.
The lightning grounds out.
The orc wizard completely misses you.
You hit the orc wizard.
The orc wizard is almost dead.
The orc wizard casts a spell at you. The magic dart hits you!
You die...

f. ... ... .. ... .... . ..
$... .#.# ..... #..
.....##)# ........#
....##..############## .
##..)))@.........#
......#.####o........#
.##.#...# #)........#####
.o ##o.# ##.)...........##
.. #....##...............##
. .......................#
......#.................#
.................<.......#
)#.##...#.................#


You could see an orc wizard.

Vanquished Creatures
  Duvessa (D:4)
  An ogre (D:4)
  A phantom (D:4)
  A scorpion (D:4)
  Dowan (D:4)
  A jelly (D:4)
  5 orc priests
  Jessica (D:3)
  4 orc wizards
  Ijyb (D:3)
  An iguana (D:4)
  3 adders
  4 gnolls (D:5)
  3 worms (D:3)
  10 orcs
  8 ball pythons
  4 endoplasms
  9 goblins
  4 hobgoblins
  8 jackals
  8 kobolds
  2 quokkas
  5 bats
  2 frilled lizards
  5 rats
93 creatures vanquished.

Notes
Turn   | Place    | Note
-------+----------+-------------------------------------------
     0 | D:1      | Zonian the Deep Elf Air Elementalist began the quest for
                  | the Orb.
     0 | D:1      | Reached XP level 1. HP: 10/10 MP: 6/6
   583 | D:1      | Reached XP level 2. HP: 15/15 MP: 5/8
  1293 | D:2      | Found Gel Busch's Magic Scroll Emporium.
  1298 | D:2      | Bought a scroll of blinking for 105 gold pieces
  1929 | D:2      | Reached XP level 3. HP: 19/19 MP: 8/10
  1932 | D:2      | Learned a level 2 spell: Static Discharge
  1947 | D:2      | Learned a level 3 spell: Swiftness
  2337 | D:3      | Noticed Ijyb
  2354 | D:3      | Killed Ijyb
  2355 | D:3      | Reached skill level 4 in Spellcasting
  2511 | D:3      | Reached XP level 4. HP: 24/24 MP: 10/12
  3234 | D:3      | Noticed Jessica
  3247 | D:3      | Killed Jessica
  3282 | D:3      | Noticed Grinder
  3502 | D:4      | Noticed a phantom
  3509 | D:4      | Killed a phantom
  3510 | D:4      | Reached skill level 5 in Spellcasting
  3510 | D:4      | Reached XP level 5. HP: 27/28 MP: 4/14
  3657 | D:4      | Noticed Dowan
  3685 | D:5      | Entered Level 5 of the Dungeon
  4083 | D:4      | Reached XP level 6. HP: 26/32 MP: 6/16
  4115 | D:4      | Noticed Duvessa
  4149 | D:4      | Killed Duvessa
  4254 | D:4      | Reached skill level 6 in Spellcasting
  4254 | D:4      | Reached skill level 5 in Air Magic
  4598 | D:4      | Reached XP level 7. HP: 16/36 MP: 3/18
  4764 | D:4      | Learned a level 4 spell: Airstrike
  5010 | D:4      | Killed Dowan
  5528 | D:4      | Reached skill level 5 in Conjurations
  5874 | D:5      | Reached skill level 7 in Spellcasting
  6390 | D:5      | Killed from afar by an orc wizard

Illustrated notes

Levels and vault maps discovered:
D:1:      psy_arrival_spokes, layout_basic
D:2:      layout_loops_cross, serial_shops, nicolae_shop_hallway_stairs
D:3:      layout_basic, portal_sewer_entry_d, uniq_jessica, uniq_ijyb,
          uniq_grinder
D:4:      layout_basic, kennysheep_generic_room_7, uniq_duvessa
D:5:      layout_rooms, mainiacjoe_overflow_big_doors

Skill      XL: |  1  2  3  4  5  6  7 |
---------------+----------------------+-----
Conjurations   | 2 3 4 5 |  5.4
Spellcasting   | 4 5 6 7 |  7.3
Air Magic      | 4 5 |  5.8
Dodging        | |  2.6
Stealth        | |  2.6

Action                     |  1- 3 |  4- 6 |  7- 9 || total
---------------------------+-------+-------+-------++-------
  Melee: Dagger            |     5 |    33 |    23 ||    61
         Punch             |       |     1 |       ||     1
   Cast: Shock             |    79 |    66 |    41 ||   186
         Static Discharge  |       |     5 |    15 ||    20
         Swiftness         |       |     1 |       ||     1
  Evoke: Wand              |       |     5 |     4 ||     9
    Use: Potion            |     1 |     3 |     1 ||     5
         Scroll            |       |     4 |       ||     4
 Armour: Robe              |    10 |     9 |     6 ||    25
  Dodge: Dodged            |    11 |    18 |    25 ||    54

Table legend: (Time is in decaauts)
 A = Elapsed time spent in this place.
 B = Non-inter-level travel time spent in this place.
 C = Inter-level travel time spent in this place.
 D = Time resting spent in this place.
 E = Time spent auto-exploring this place.
 F = Levels seen in this place.
 G = Mean time per level.
                   A        B        C        D        E       F      G
               +--------+--------+--------+--------+--------+-----+--------+
         Total |   6404 |   6341 |     63 |   2345 |   2794 |   5 | 1280.8 |
       Dungeon |   6404 |   6341 |     63 |   2345 |   2794 |   5 | 1280.8 |
               +--------+--------+--------+--------+--------+-----+--------+

Top non-repeatable levels by time:
     D:4: 2828 daAuts
     D:2: 1209 daAuts
     D:3: 1173 daAuts
     D:1: 1083 daAuts
     D:5: 109 daAuts
